[Event "Campeonato de Aragón Individual Absoluto 2022"]
[Site "Zaragoza, Spain"]
[Date "2022.09.01"]
[Round "6.2"]
[White "Ereza Vizcarra, Fernando"]
[Black "Vela Frago, Alberto"]
[Result "1/2-1/2"]
[TimeControl "90 min + 30 sg"]
[WhiteElo "2132"]
[BlackElo "2232"]

1. d4 Nf6 2. Nf3 d5 3. e3 c5 4. b3 g6 5. Bb2 Bg7 6. Bd3 Nc6 7. a3 cxd4 8. exd4 O-O 9. Nbd2 Nh5 10.
O-O Nf4 11. Bb5 Qb6 12. Bxc6 bxc6 13. Ne5 Ba6 14. Nd7 Qc7 15. Nxf8 Bxf1 16. Nxf1 Rxf8 17. Qd2 c5 18. Re1 cxd4 19.
Bxd4 e5 20. Be3 d4 21. Bxf4 exf4 22. Qd3 Rc8 23. Re2 h5 24.
h3 Qa5 25. a4 Rc3 26. Qe4 f3 27. gxf3 Qg5+ 28. Ng3 h4 29. f4 Qd8 30. Qe8+ Qxe8 31. Rxe8+ Kh7 32. Ne4 Rxc2 33. Ng5+ Kh6 34.
Nxf7+ Kh7 35. Ng5+ Kh6 36. Nf7+ Kh7 37. Ng5+ Kh6 38. Nf7+ Kh7 39. Re7 d3 1/2-1/2

[Event "Campeonato de Aragón Individual Absoluto 2022"]
[Site "Zaragoza, Spain"]
[Date "2022.09.01"]
[Round "6.3"]
[White "Olivan Lopez, Dario"]
[Black "Quintin Navarro, Alberto"]
[Result "0-1"]
[TimeControl "90 min + 30 sg"]
[WhiteElo "1768"]
[BlackElo "2372"]

1. e4 e5 2. Nf3 Nc6 3. Bc4 Nf6 4.
d3 Bc5 5. c3 d6 6. O-O a5 7. d4 Bb6 8. dxe5 Nxe5 9. Nxe5 dxe5 10. Qb3 O-O 11. Bg5 Qe7 12. Nd2 Rd8 13. Kh1 h6 14.
Bxf6 Qxf6 15. Qc2 Qf4 16. Bd3 Be6 17. Rad1 Rd7 18. Nc4 Bc5 19. b4 axb4 20. cxb4 Bxb4 21. Qb2 Rxd3 22. Rxd3 Bxc4 23. Rf3 Qd2 24. Qxd2 Bxd2 25.
Ra1 b5 26. a3 b4 27. Rd1 bxa3 28. Rxd2 a2 29. Rxa2 Rxa2 30. h3 Rc2 31. Rf5 f6 32. f4 Be6 33. Rh5 Bf7 34. Rh4 h5 35.
g4 0-1

[Event "Campeonato de Aragón Individual Absoluto 2022"]
[Site "Zaragoza, Spain"]
[Date "2022.09.01"]
[Round "6.4"]
[White "Galstyan, David"]
[Black "Carrasco Berges, Joaquin"]
[Result "1-0"]
[TimeControl "90 min + 30 sg"]
[WhiteElo "2035"]
[BlackElo "1559"]

1. e4 c5 2. Nc3 d6 3. f4 a6 4. a4 Qa5 5. b3 b5 6. Bb2 b4 7. Nd5 e6 8. Ne3 Bb7 9. f5 Nf6 10.
fxe6 fxe6 11. e5 dxe5 12. Nc4 Qd8 13. Nxe5 Bd6 14. Ngf3 O-O 15. Bc4 Nd5 16. Qe2 Nf4 17. Qf2 Bxe5 18.
Bxe5 Nd7 19. Bb2 Qe7 20. O-O-O Nxg2 21. Qxg2 Bxf3 22. Bxe6+ Kh8 23. Qh3 Bxh1 24. Bxd7 Be4 25. Rg1 Bg6 26.
Be6 Rf6 27. Bxf6 Qxf6 28. Kb1 Re8 29. Bc4 Qf5 30. Qxf5 Bxf5 31. Bxa6 g6 32. Bb5 Rd8 33. d3 Kg7 34. Re1 Kf6 35.
a5 Be6 36. a6 Rb8 37. Bc6 1-0

[Event "Campeonato de Aragón Individual Absoluto 2022"]
[Site "Zaragoza, Spain"]
[Date "2022.09.01"]
[Round "6.5"]
[White "Sanjuan Segura, Ignacio"]
[Black "Perez Tomas, Juan Manuel"]
[Result "1/2-1/2"]
[TimeControl "90 min + 30 sg"]
[WhiteElo "1815"]
[BlackElo "1664"]

1. d4 d5 2. Nf3 e6 3. c4 Nf6 4. g3 Be7 5. Bg2 O-O 6. O-O c6 7. Qc2 b6 8. Nbd2 Nbd7 9. e4 dxe4 10.
Nxe4 Bb7 11. Rd1 Qc7 12. Bf4 Qc8 13. Nd6 Bxd6 14. Bxd6 Re8 15. c5 Nd5 16. Ng5 N7f6 17. a3 h6 18.
Ne4 Qd8 19. b4 Nxe4 20. Bxe4 a5 21.
Qd2 a4 22. Bxd5 exd5 23. Re1 Qd7 24. Qf4 bxc5 25. Bxc5 Re6 26. Rxe6 Qxe6 27. Qe5 Re8 28. Re1 Bc8 29. f4 f6 30. Qxe6+ Rxe6 31. Rxe6 Bxe6 1/2-1/2

[Event "Campeonato de Aragón Individual Absoluto 2022"]
[Site "Zaragoza, Spain"]
[Date "2022.09.02"]
[Round "7.1"]
[White "Glavina, Pablo"]
[Black "Galstyan, David"]
[Result "1-0"]
[TimeControl "90 min + 30 sg"]
[WhiteElo "2394"]
[BlackElo "2035"]

1. Nf3 e6 2. c4 d5 3. d4 Nf6 4. g3 dxc4 5. Qa4+ Nc6 6. Bg2 Bb4+ 7. Bd2 Nd5 8. Ne5 Bd7 9. Nxd7 Qxd7 10.
O-O Bxd2 11. Nxd2 Nb6 12. Bxc6 Qxc6 13. Qxc6+ bxc6 14. a4 a5 15. Rfc1 O-O-O 16. Nxc4 Rxd4 17. Nxa5 Rxa4 18. Rxa4 Nxa4 19.
Nxc6 f6 20. b3 Nb6 21. Rd1 Re8 22. Kf1 e5 23. Ke1 Kb7 24. Rd8 Rxd8 25. Nxd8+ Kc8 26. Ne6 g5 27. f4 gxf4 28. gxf4 exf4 29.
Nxf4 Kd7 30. Kf2 Kd6 31. Kf3 Ke5 32. e3 Kf5 33. Nd3 Nd7 34. e4+ Kg5 35. Kg3 Ne5 36. h4+ Kg6 37. Nc5 h5 38.
Ne6 c6 39. Nf4+ Kh6 40. b4 Nf7 41. Kf3 Ne5+ 42. Ke3 Nd7 43. Kd4 Nb8 44. Kc5 Na6+ 45. Kc4 Nc7 46. Ne2 Kg6 47. Nd4 Na6 48.
Nxc6 Nxb4 49. Kxb4 f5 50. Ne7+ Kf6 51. Nxf5 Ke5 52. Ng3 Kf4 53. Kc5 Kxg3 54. e5 Kxh4 55. e6 Kg3 56. e7 h4 57.
e8=Q h3 58. Qe4 Kh2 59. Qg4 1-0

[Event "Campeonato de Aragón Individual Absoluto 2022"]
[Site "Zaragoza, Spain"]
[Date "2022.09.02"]
[Round "7.2"]
[White "Vela Frago, Alberto"]
[Black "Garza Marco, Sergio"]
[Result "1/2-1/2"]
[TimeControl "90 min + 30 sg"]
[WhiteElo "2232"]
[BlackElo "2408"]

1. d4 d5 2. c4 Nc6 3. Nf3 Bg4 4. e3 e6 5. Nc3 Bb4 6. cxd5 exd5 7. Qb3 Nge7 8. a3 Bxc3+ 9. Qxc3 Bxf3 10.
gxf3 O-O 11. Bd3 Qd7 12. h4 a5 13. Qc2 Qe6 14. Kf1 f5 15. f4 Rf6 16. Bd2 Rh6 17. Qd1 Nc8 18. Rh3 Nd6 19.
b3 Ne7 20. Rc1 c6 21. Qe2 Ng6 22. h5 Nf8 23. b4 axb4 24. Bxb4 Ne4 25. Bxf8 Rxf8 26. a4 Ra8 27. Qb2 Qd7 28.
Qb4 Nd6 29. a5 Rf6 30. Qb6 Nc8 31. Qb4 Qe7 32. Rc5 Qd7 33. Qc3 Nd6 34. Rg3 Ne4 35. Bxe4 fxe4 36. Qb2 h6 37. Kg2 Rff8 38.
Qb6 Ra6 39. Qb4 Rfa8 40. Qc3 Kh7 41. Kf1 Qf5 42. Qb4 R8a7 43. Rc1 Rxa5 44. Qe7 Qf6 45. Qxf6 gxf6 46. Rg6 Ra1 47. Rxa1 Rxa1+ 48. Kg2 Ra8 49. Rxf6 Rg8+ 50. Kf1 Rg7 51. Kg2 1/2-1/2

[Event "Campeonato de Aragón Individual Absoluto 2022"]
[Site "Zaragoza, Spain"]
[Date "2022.09.02"]
[Round "7.3"]
[White "Quintin Navarro, Alberto"]
[Black "Ereza Vizcarra, Fernando"]
[Result "1/2-1/2"]
[TimeControl "90 min + 30 sg"]
[WhiteElo "2372"]
[BlackElo "2132"]

1. c4 c6 2. d4 d5 3. cxd5 cxd5 4. Bf4 Nc6 5. e3 Nf6 6. Nc3 a6 7. Bd3 Bg4 8. Nge2 e6 9. O-O Bd6 10.
Qd2 Bxe2 11. Nxe2 Bxf4 12. Nxf4 O-O 13. Rac1 Ne8 14. Rc2 Nd6 15. Rfc1 Qa5 16. Qxa5 Nxa5 17. Be2 Rac8 18. Rc5 Nac4 19.
b3 Nb6 20. Nd3 Nd7 21. Rc7 Nb8 22. Bg4 Rxc7 23. Rxc7 Rc8 24. Rxc8+ Nxc8 25. Nc5 Nd6 26. Nxe6 fxe6 27. Bxe6+ Kf8 28. Bxd5 Nc6 29. a3 Nb5 30. a4 Nc3 31. Be6 Ke7 32.
Bg8 h6 33. Kf1 Na5 34. f4 Kf8 35. Be6 Ke7 36. f5 Kd6 37. Kf2 Ne4+ 38. Ke2 Nc6 39. g4 b5 40. axb5 axb5 41. Bf7 Ke7 42.
Bg6 Na5 43. Kf3 Nd2+ 44. Kf4 Naxb3 45. h4 Nc4 46. g5 hxg5+ 47. hxg5 b4 48. Bh7 Kf7 49. d5 Nc5 50. d6 Nxd6 51.
Bg6+ Ke7 52. Ke5 Nce4 53. f6+ Nxf6 54. gxf6+ gxf6+ 55. Kd4 f5 56. Bxf5 1/2-1/2

[Event "Campeonato de Aragón Individual Absoluto 2022"]
[Site "Zaragoza, Spain"]
[Date "2022.09.02"]
[Round "7.4"]
[White "Perez Tomas, Juan Manuel"]
[Black "Lorente Melcon, Maximo"]
[Result "1-0"]
[TimeControl "90 min + 30 sg"]
[WhiteElo "1664"]
[BlackElo "1851"]

1. e4 c5 2. Nf3 e6 3. g3 Nc6 4. Bg2 d6 5. d4 cxd4 6. Nxd4 Be7 7. c4 a6 8. Be3 Bd7 9. Nc3 Nf6 10.
O-O O-O 11. Rc1 Rc8 12. b3 Nxd4 13. Bxd4 Bc6 14. f4 Qa5 15. Qe2 Rfd8 16. f5 e5 17. Be3 b5 18. Nd5 Bxd5 19. cxd5 Nd7 20.
g4 h6 21. Qf2 Bg5 22. Bxg5 hxg5 23. h4 gxh4 24. Qxh4 Qd2 25. Rc6 Qe3+ 26. Kh2 Nc5 27. g5 f6 28. g6 Qh6 29. Qxh6 gxh6 30. Rd1 Kf8 31. Kh3 Ke7 32.
b4 Rxc6 33. dxc6 Na4 34. Rc1 Nb6 35. Bf1 d5 36. c7 Rc8 37. Rc6 Na8 38. exd5 Kd7 39. Rxa6 Nxc7 40. Rxf6 Nxd5 41. Bxb5+ Ke7 42.
Rf7+ 1-0

[Event "Campeonato de Aragón Individual Absoluto 2022"]
[Site "Zaragoza, Spain"]
[Date "2022.09.02"]
[Round "7.5"]
[White "Sanjuan Segura, Ignacio"]
[Black "Lorente Melcon, Nicolas"]
[Result "1/2-1/2"]
[TimeControl "90 min + 30 sg"]
[WhiteElo "1815"]
[BlackElo "1685"]

1. d4 d5 2. Nf3 Nf6 3. Bg5 e6 4. e3 Be7 5. Nbd2 Nbd7 6. Bd3 h6 7. Bh4 O-O 8. O-O b6 9. c4 Bb7 10.
cxd5 exd5 11. Rc1 c5 12. b3 Rc8 13. Qe2 Ne4 14. Bxe7 Qxe7 15. Rfd1 Rfd8 16. Ba6 Ndf6 17. Bxb7 Qxb7 18.
dxc5 Rxc5 19. Nxe4 Nxe4 20. Rxc5 Nxc5 21. h3 Ne4 22. Rc1 Rc8 23. Qb2 Rc7 24. Nd4 Nd6 25. Rc2 Qc8 26. Rxc7 Qxc7 27.
Qc2 Qxc2 28. Nxc2 a5 29. Kf1 Kf8 30. f3 Ke7 31. Ke2 Kf6 32. Kd3 Ke5 33. Nd4 f5 34. Nc6+ Ke6 35. Nb8 h5 36.
h4 Ne8 37. Nc6 Nd6 38. Nd4+ Ke5 39. Ne2 Ne8 40. Nc3 Nc7 41. f4+ Kd6 42. a3 Ke6 43. Na2 Nb5 44. a4 Nc7 45. b4 Ke5 46. Ke4+ 1/2-1/2

[Event "Campeonato de Aragón Individual Absoluto 2022"]
[Site "Zaragoza, Spain"]
[Date "2022.09.03"]
[Round "8.1"]
[White "Glavina, Pablo"]
[Black "Quintin Navarro, Alberto"]
[Result "1/2-1/2"]
[TimeControl "90 min + 30 sg"]
[WhiteElo "2394"]
[BlackElo "2372"]

1. d4 d5 2. c4 c6 3. cxd5 cxd5 4. Nc3 Nf6 5. Nf3 Nc6 6. Bf4 Bf5 7. e3 e6 8. Bd3 Bxd3 9. Qxd3 Bd6 10.
Bxd6 Qxd6 11. O-O O-O 12. a3 Na5 13. Ne5 Rac8 14. Rac1 Nc4 15. Nxc4 Rxc4 16. Ne2 1/2-1/2

[Event "Campeonato de Aragón Individual Absoluto 2022"]
[Site "Zaragoza, Spain"]
[Date "2022.09.03"]
[Round "8.2"]
[White "Garza Marco, Sergio"]
[Black "Ereza Vizcarra, Fernando"]
[Result "1/2-1/2"]
[TimeControl "90 min + 30 sg"]
[WhiteElo "2408"]
[BlackElo "2132"]

1. f4 d5 2. Nf3 g6 3. g3 Bg7 4.
Bg2 h5 5. d3 Nh6 6. c3 c5 7. O-O Nc6 8. Na3 d4 9. Qc2 Nf5 10. e4 dxe3 11. Nc4 h4 12. gxh4 Nxh4 13. Nxh4 Rxh4 14.
Bxe3 Bh3 15. Rad1 Rg4 16. Rf2 Qd5 17. Qe2 Qh5 18. Rd2 O-O-O 19. Kh1 Bxg2+ 20. Rxg2 1/2-1/2

[Event "Campeonato de Aragón Individual Absoluto 2022"]
[Site "Zaragoza, Spain"]
[Date "2022.09.03"]
[Round "8.3"]
[White "Perez Tomas, Juan Manuel"]
[Black "Vela Frago, Alberto"]
[Result "0-1"]
[TimeControl "90 min + 30 sg"]
[WhiteElo "1664"]
[BlackElo "2232"]

1. e4 e5 2. Bc4 Nf6 3. d3 Bc5 4. Nf3 Nc6 5. c3 O-O 6. Nbd2 a5 7. h3 h6 8. Nf1 d5 9. exd5 Nxd5 10.
Ng3 Nb6 11. Bb3 a4 12. Bc2 f5 13. O-O Qf6 14. Be3 Bxe3 15. fxe3 Nd5 16. Qd2 Qg6 17. Kh2 Nxe3 18. Qxe3 f4 19.
Qe4 fxg3+ 20. Kg1 Qxe4 21. dxe4 Be6 22. b3 axb3 23. Bxb3 Bxb3 24. axb3 Rfd8 25. Rxa8 Rxa8 26. Nh4 Ra3 27. Rb1 Ne7 28. Nf3 Ng6 29.
Kf1 Ra2 30. Rd1 Rf2+ 31. Kg1 Nf4 0-1

[Event "Campeonato de Aragón Individual Absoluto 2022"]
[Site "Zaragoza, Spain"]
[Date "2022.09.03"]
[Round "8.4"]
[White "Villalba Embid, Marcos"]
[Black "Asensio Asensio, Nicolas"]
[Result "1-0"]
[TimeControl "90 min + 30 sg"]
[WhiteElo "2089"]
[BlackElo "1898"]

1. e4 c6 2. d4 d5 3. e5 Bf5 4. Nc3 e6 5. g4 Bg6 6. Nge2 c5 7. Be3 Nc6 8. dxc5 Nxe5 9. Nf4 Nf6 10.
Bb5+ Nfd7 11. Qe2 a6 12. Ba4 Qa5 13. Bd4 Be4 14. Bxe5 Bxh1 15. Bxd7+ Kxd7 16. O-O-O Bxc5 17. Rxh1 f6 18.
Bxf6 gxf6 19. Qxe6+ Kc7 20. Qxf6 Rhe8 21. Qf7+ Kb6 22. Nfxd5+ Ka7 23. Qc7 Bb6 24. Qxh7 Bxf2 25. Qd3 Rh8 26.
Rf1 Bc5 27. h3 Qd8 28. b4 Bb6 29. Rf6 Bc7 30. Rf7 Bb6 31. Rf6 Bc7 32. b5 Kb8 33. b6 Be5 34. Rf5 Bd6 35. Rf7 Rf8 36.
Qh7 Rxf7 37. Qxf7 a5 38. Ne4 Ba3+ 39. Kb1 Ra6 40. Qf4+ Kc8 41. Qf5+ Qd7 42. Qxd7+ Kxd7 43. g5 Ra8 44.
g6 Rh8 45. g7 Rxh3 46. c3 Rh1+ 47. Kc2 Rg1 48. g8=Q Rxg8 49. Ndf6+ Kc6 50. Nxg8 Kxb6 51. Kb3 Bf8 52. Ngf6 Kc6 53.
Ka4 b6 54. c4 Bb4 55. Ng4 Be7 56. Ne5+ Kb7 57. Kb5 Kc7 58. Nc3 Bc5 59. Nd5+ Kd6 1-0

[Event "Campeonato de Aragón Individual Absoluto 2022"]
[Site "Zaragoza, Spain"]
[Date "2022.09.03"]
[Round "8.5"]
[White "Galstyan, David"]
[Black "Sanjuan Segura, Ignacio"]
[Result "1-0"]
[TimeControl "90 min + 30 sg"]
[WhiteElo "2035"]
[BlackElo "1815"]

1. e4 e5 2. Nf3 Nc6 3. Bb5 a6 4. Ba4 Nf6 5. d4 exd4 6. O-O b5 7. Bb3 Be7 8. Re1 d6 9. Bd5 Nxd5 10.
exd5 Ne5 11. Nxd4 Bd7 12. Nc3 O-O 13. b3 b4 14. Nce2 Re8 15. Bb2 Bf6 16. Ng3 Ng6 17. Qd2 a5 18.
Rxe8+ Qxe8 19. Nh5 Qd8 20. Re1 Bg5 21. Qd3 Nf4 22. Nxf4 Bxf4 23. Nf5 Bxf5 24. Qxf5 Bh6 25. Qg4 Qc8 26.
Qc4 Qd7 27. g3 Kf8 28. Kg2 Rb8 29. Re4 Rb7 30. Rh4 Qb5 31. Qd4 c5 32. Qe4 Kg8 33. Qf5 Qd7 34. Re4 Kf8 35. Qxh7 f6 36.
Bxf6 1-0